 Dungeon Crawl Stone Soup version 0.27-a0-223-ge082b6e869 (webtiles) character file.

Game seed: 18332453412095536244

166 snetch the Magician (level 5, -1/28 HPs)
             Began as a Deep Elf Hedge Wizard on Feb 1, 2021.
             Slain by a gnoll
             ... wielding a +0 flail
              (4 damage)
             ... on level 3 of the Dungeon.
             The game lasted 00:10:55 (3136 turns).

snetch the Magician (Deep Elf Hedge Wizard)         Turns: 3136, Time: 00:10:56

Health: -1/28      AC:  3    Str:  7    XL:     5   Next: 22%
Magic:  10/16      EV: 12    Int: 20    God:
Gold:   124        SH:  0    Dex: 14    Spells: 13/18 levels left

rFire    . . .     SeeInvis .   a - +0 dagger
rCold    . . .     Faith    .   (no shield)
rNeg     . . .     Spirit   .   o - +0 leather armour
rPois    .         Reflect  .   c - +0 hat
rElec    .         Harm     .   (no cloak)
rCorr    .         Rampage  .   (no gloves)
Will     .....                  (no boots)
Stlth    ++........             (no amulet)
HPRegen  0.09/turn              (no ring)
MPRegen  0.15/turn              (no ring)

@: very slightly contaminated, invisible
A: no striking features
a: no special abilities


You were on level 3 of the Dungeon.
You visited 1 branch of the dungeon, and saw 3 of its levels.

You collected 124 gold pieces.

Inventory:

Hand Weapons
 a - a +0 dagger (weapon)
 h - a +0 whip of venom
Missiles
 d - 100 stones
 k - 46 bolts
 m - 49 arrows
 u - 21 sling bullets
Armour
 b - a +0 robe
 c - a +0 hat (worn)
 n - a +0 chain mail
 o - a +0 leather armour (worn)
 t - a +0 ring mail
Jewellery
 q - a cursed amulet of inaccuracy {unknown}
Scrolls
 e - 2 scrolls of amnesia {unknown}
 g - 2 scrolls of identify {unknown}
 i - 3 scrolls of remove curse {unknown}
 j - a scroll of teleportation {unknown}
 l - a scroll of noise {unknown}
 p - a scroll of fog {unknown}
 r - a scroll of magic mapping {unknown}
Potions
 f - a potion of curing


   Skills:
 + Level 0.2 Fighting
 + Level 2.7 Dodging
 + Level 2.6 Stealth
 + Level 7.1 Spellcasting
 + Level 2.5 Conjurations
 + Level 1.3 Summonings
 + Level 1.1 Translocations


You had 13 spell levels left.
You knew the following spells:

 Your Spells              Type           Power        Failure   Level
a - Magic Dart            Conj           68%          4%          1
b - Blink                 Tloc           N/A          14%         2
c - Call Imp              Summ           12%          12%         2

Your spell library contained the following spells:

 Spells                   Type           Power        Failure   Level
 Slow                     Hex            7%           22%         2
 Conjure Flame            Conj/Fire      12%          26%         3
 Gell's Gravitas          Tloc           5%           26%         3
 Mephitic Cloud           Conj/Pois/Air  10%          30%         3
 Confusing Touch          Hex            7%           38%         3
 Petrify                  Tmut/Erth      7%           80%         4
 Metabolic Englaciation   Hex/Ice        3%           98%         5
 Yara's Violent Unravell  Hex/Tmut       3%           98%         5


Dungeon Overview and Level Annotations

Branches:
Dungeon (3/15)

Altars:
Nemelex Xobeh


Message History

t - Shout!
Orders for allies: a - Attack new target. p - Attack previous target. r - Retreat! s - Stop attacking. g - Guard the area. f - Follow me.
Anything else - Cancel.
Gang up on whom?
Press: ? - help, Dir - move target, f/p - gnoll
Aim: a gnoll, wielding a +2 halberd of venom (heavily wounded) Attack!
The gnoll closely misses you.
Unknown command.
The gnoll barely misses you. The gnoll hits you with a +0 flail.
Your crimson imp blinks!
Your crimson imp barely misses the gnoll.
Something hits you.
* * * LOW HITPOINT WARNING * * *
Something closely misses your crimson imp.
You see here a scroll labelled ECUGHUXIS ETA.
You hit something but do no damage. The gnoll closely misses you.
The gnoll hits you with a +0 flail.
You die...

#.. .. #g#.# .. .#
#.#.# #.####.# #.#.#
...5...# # #g#.# #
#.....# #.##.#.# #.#
##.....## #......# ..
#.......# ####g###
#.##.#.5g.ยง..# #.#
#......@g5...######.#
####.#.##........##.#
# #.#####.###....#
#.#####.# #.####
####.#.......###.####
........####.).....#
#..##..####.##.##.#
#..............##.#
#.##<...##.....##.#


You could see 2 gnolls and 3 friendly crimson imps.

Vanquished Creatures
  A hound skeleton (D:3)
  2 gnolls (D:3)
  3 adders (D:2)
  A worker ant zombie (D:3)
  3 oozes
  A worm (D:3)
  2 leopard geckos (D:1)
  2 ball pythons
  8 giant cockroaches
  6 goblins
  8 hobgoblins
  7 kobolds
  A quokka (D:2)
  3 bats
  4 frilled lizards
  7 rats
59 creatures vanquished.

Vanquished Creatures (collateral kills)
  A centaur skeleton (D:3)
  A gnoll (D:2)
  A hobgoblin (D:1)
3 creatures vanquished.

Grand Total: 62 creatures vanquished

Notes
Turn   | Place    | Note
-------+----------+-------------------------------------------
     0 | D:1      | snetch the Deep Elf Hedge Wizard began the quest for the
                  | Orb.
     0 | D:1      | Reached XP level 1. HP: 10/10 MP: 7/7
   233 | D:1      | Reached skill level 5 in Spellcasting
   233 | D:1      | Reached XP level 2. HP: 2/15 MP: 1/10
   503 | D:1      | Learned a level 2 spell: Blink
   506 | D:1      | Learned a level 2 spell: Call Imp
   965 | D:1      | Reached XP level 3. HP: 19/19 MP: 7/12
  1299 | D:2      | Reached skill level 6 in Spellcasting
  1364 | D:2      | Found a sparkling altar of Nemelex Xobeh.
  1494 | D:3      | Reached XP level 4. HP: 12/24 MP: 5/14
  2877 | D:3      | Reached XP level 5. HP: 10/28 MP: 4/16
  2977 | D:3      | Reached skill level 7 in Spellcasting
  3136 | D:3      | Slain by a gnoll

Illustrated notes

Levels and vault maps discovered:
D:1:      wander_arrival_desolate, layout_loops_ring
D:2:      layout_basic, nemelex_altar_shiori
D:3:      layout_loops_cross, serial_undead, serial_undead_a, serial_undead_b,
          serial_undead_e, serial_undead_d, gammafunk_ghost_arena,
          grunt_decor_arrowhead

Skill      XL: |  1  2  3  4  5 |
---------------+----------------+-----
Spellcasting   | 5 6 7 |  7.1
Conjurations   | 2 |  2.5
Fighting       | |  0.2
Dodging        | |  2.7
Stealth        | |  2.6
Summonings     | |  1.3
Translocations | |  1.1

Action                   |  1- 3 |  4- 6 || total
-------------------------+-------+-------++-------
Melee: Dagger            |     7 |     2 ||     9
 Cast: Magic Dart        |    96 |    85 ||   181
       Call Imp          |     3 |     8 ||    11
  Use: Potion            |       |     2 ||     2
 Stab: Sleeping          |       |     1 ||     1
Armor: Robe              |     4 |     2 ||     6
       Leather armour    |       |     4 ||     4
Dodge: Dodged            |    13 |    22 ||    35

Table legend: (Time is in decaauts)
 A = Elapsed time spent in this place.
 B = Non-inter-level travel time spent in this place.
 C = Inter-level travel time spent in this place.
 D = Time resting spent in this place.
 E = Time spent auto-exploring this place.
 F = Levels seen in this place.
 G = Mean time per level.
                   A        B        C        D        E       F      G
               +--------+--------+--------+--------+--------+-----+--------+
         Total |   3139 |   3059 |     80 |     73 |   2358 |   3 | 1046.3 |
       Dungeon |   3139 |   3059 |     80 |     73 |   2358 |   3 | 1046.3 |
               +--------+--------+--------+--------+--------+-----+--------+

Top non-repeatable levels by time:
     D:1: 1511 daAuts
     D:2: 1254 daAuts
     D:3: 373 daAuts
